 Dungeon Crawl Stone Soup version 0.27-a0-824-gca8104f8d5 (webtiles) character file.

Game seed: 305511701849969223

23 Harga the Sneak (level 2, 0/13 HPs)
             Began as a Vine Stalker Enchanter on Mar 30, 2021.
             Succumbed to an adder's poison
             ... on level 2 of the Dungeon.
             The game lasted 00:06:45 (685 turns).

Harga the Sneak (Vine Stalker Enchanter)             Turns: 685, Time: 00:06:46

Health: 0/13       AC:  2    Str: 10    XL:     2   Next: 95%
Magic:  3/6        EV: 16    Int: 15    God:
Gold:   63         SH:  0    Dex: 14    Spells: 4/5 levels left

rFire    . . .     SeeInvis .   a - +1 dagger
rCold    . . .     Faith    .   (no shield)
rNeg     . . .     Spirit   +   b - +0 robe
rPois    .         Reflect  .   (no helmet)
rElec    .         Harm     .   (no cloak)
rCorr    .         Rampage  .   (no gloves)
Will     .....                  (no boots)
Stlth    +++.......             (no amulet)
HPRegen  0.04/turn              c - +4 ring of evasion
MPRegen  0.10/turn              (no ring)

@: lethally poisoned (0 -> -7)
A: fangs 2, magic shield, antimagic bite, no potion heal 3
a: no special abilities


You were on level 2 of the Dungeon.
You visited 1 branch of the dungeon, and saw 2 of its levels.

You collected 63 gold pieces.

Inventory:

Hand Weapons
 a - a +1 dagger (weapon)
Armour
 b - a +0 robe (worn)
Jewellery
 c - a +4 ring of evasion (left hand)
Scrolls
 e - a scroll of amnesia {unknown}
 f - a scroll of noise {unknown}
 h - a scroll of identify {unknown}
Potions
 d - a potion of attraction {unknown}
 g - a potion of curing {unknown}


   Skills:
 + Level 1.3 Short Blades
 + Level 1.8 Dodging
 + Level 4.0 Stealth
 + Level 2.4 Spellcasting
 + Level 3.2 Hexes


You had 4 spell levels left.
You knew the following spells:

 Your Spells              Type           Power      Damage    Failure   Level
a - Corona                Hex            12%        N/A       5%          1

Your spell library contained the following spells:

 Spells                   Type           Power      Damage    Failure   Level
 Ensorcelled Hibernation  Hex/Ice        12%        N/A       17%         2
 Confusing Touch          Hex            11%        N/A       17%         3
 Tukima's Dance           Hex            11%        N/A       17%         3
 Dazzling Flash           Conj/Hex       12%        N/A       32%         3


Dungeon Overview and Level Annotations

Branches:
Dungeon (2/15)

Altars:


Innate Abilities, Weirdness & Mutations

You have extremely sharp teeth.
When hurt, damage is shared between your health and your magic reserves.
Your bite disrupts and absorbs the magic of your enemies.
Potions cannot restore your health.


Message History

The adder is moderately wounded.
The adder barely misses you.
You hit the adder but do no damage.
The adder is moderately wounded.
The adder closely misses you. The adder bites you.
You closely miss the adder.
The adder is moderately wounded.
The adder barely misses you.
You hit the adder. You bite the adder, but do no damage.
The adder is heavily wounded.
The adder barely misses you.
You hit the adder. Your bite misses the adder.
The adder is severely wounded.
The adder bites you.
You are poisoned.
The adder poisons you!
You hit the adder. Your bite misses the adder.
The adder is almost dead.
You feel sick. The adder closely misses you. The adder misses you.
You hit the adder but do no damage.
The adder is almost dead.
You feel sick. The adder bites you.
You hit the adder but do no damage. You bite the adder, but do no damage.
The adder is almost dead.
You feel sick. The adder bites you.
You hit the adder but do no damage.
The adder is almost dead.
* * * LOW HITPOINT WARNING * * *
You feel sick. The adder misses you.
You hit the adder but do no damage. Your bite misses the adder.
The adder is almost dead.
* * * LOW HITPOINT WARNING * * *
You feel sick. The adder barely misses you.
You barely miss the adder. Your bite misses the adder.
The adder is almost dead.
* * * LOW HITPOINT WARNING * * *
You feel sick. The adder barely misses you. The adder misses you.
You barely miss the adder. Your bite misses the adder.
The adder is almost dead.
You die...

#.... #.....
..... #...#
....# ....#
###...#...
#.Sg...#
######@#.......
#......#.......
#.#######.....?
#.###### #.....
#......# ##+##
#......# .[
#......####.#
#...........
#.........#


You could see an adder and a hobgoblin.

Vanquished Creatures
  A dart slug (D:1)
  An endoplasm (D:1)
  A giant cockroach (D:1)
  3 goblins
  2 hobgoblins (D:1)
  2 kobolds (D:1)
  A quokka (D:1)
  A ball python (D:2)
  3 bats (D:1)
  A frilled lizard (D:1)
  3 rats
19 creatures vanquished.

Notes
Turn   | Place    | Note
-------+----------+-------------------------------------------
     0 | D:1      | Harga the Vine Stalker Enchanter began the quest for the
                  | Orb.
     0 | D:1      | Reached XP level 1. HP: 9/9 MP: 4/4
    61 | D:1      | Reached skill level 1 in Short Blades
   293 | D:1      | Reached XP level 2. HP: 13/13 MP: 4/6
   673 | D:2      | Reached skill level 4 in Stealth
   685 | D:2      | Succumbed to an adder's poison

Illustrated notes

Levels and vault maps discovered:
D:1:      lemuel_arrival_behind_the_door_large, layout_rooms,
          wander_ebering_terrifying_dragon_lair
D:2:      layout_basic, kiku_gazebo_garden_becter, kennysheep_potato

Skill      XL: |  1  2 |
---------------+-------+-----
Short Blades   | 1 |  1.3
Stealth        | 4 |  4.0
Dodging        | |  1.8
Spellcasting   | |  2.4
Hexes          | |  3.2

Action                   || total
-------------------------++-------
Melee: Dagger            ||    56
       Bite              ||    17
 Cast: Corona            ||     3
 Stab: Sleeping          ||     3
Armor: Robe              ||     3
Dodge: Dodged            ||    37

Table legend: (Time is in decaauts)
 A = Elapsed time spent in this place.
 B = Non-inter-level travel time spent in this place.
 C = Inter-level travel time spent in this place.
 D = Time resting spent in this place.
 E = Time spent auto-exploring this place.
 F = Levels seen in this place.
 G = Mean time per level.
                   A        B        C        D        E       F      G
               +--------+--------+--------+--------+--------+-----+--------+
         Total |    680 |    680 |      0 |    154 |    203 |   2 |  340.0 |
       Dungeon |    680 |    680 |      0 |    154 |    203 |   2 |  340.0 |
               +--------+--------+--------+--------+--------+-----+--------+

Top non-repeatable levels by time:
     D:1: 641 daAuts
     D:2: 39 daAuts
